 Dungeon Sprint DCSS version 0.17-a0-1850-g688e747 (webtiles) character file.

35970 Kidiri the Bludgeoner (level 13, -26/114 HPs)
             Began as a Minotaur Fighter on Sept 19, 2015.
             Was a High Priest of Trog.
             Killed from afar by a lich (46 damage)
             ... with an iron shot
             ... in the Dungeon (Sprint VII: "The Pits").
             The game lasted 00:35:53 (3824 turns).

Kidiri the Bludgeoner (Minotaur Fighter)            Turns: 3824, Time: 00:35:53

Health: -26/114    AC: 26    Str: 34    XL:     13   Next: 50%
Magic:  11/12      EV: 17    Int:  5    God:    Trog [*****.]
Gold:   29         SH: 17    Dex:  9    Spells: 0 memorised, 12 levels left

rFire  . . .     SeeInvis .     x - +3 eveningstar (drain)
rCold  . . .     Clarity  .     v - +2 plate armour {rN+}
rNeg   + + .     SustAt   .     c - +0 shield
rPois  .         Gourm    .     B - +0 hat {MR+}
rElec  .         Spirit   .     (no cloak)
rCorr  .         Warding  +     a - +3 pair of gauntlets of War {Slay+5}
rMut   .         NoTele   +     (no boots)
MR     +++..                    M - amulet of warding
Stlth  ..........               p - +3 ring of strength
                                f - +3 ring of evasion

@: lethally poisoned (-26 -> -26), regenerating, extremely resistant to hostile
enchantments, extremely unstealthy
A: retaliatory headbutt, horns 2, frail 1, screaming 1, strong 2
a: Burn Spellbooks, Berserk, Trog's Hand, Brothers in Arms, Renounce Religion


You were in the Dungeon.
You worshipped Trog.
Trog was extremely pleased with you.
You were not hungry.

You visited 1 branch You collected 29 gold pieces.

Inventory:

Hand weapons
 b - a +2 antimagic morningstar
 h - a +2 antimagic demon trident
 x - a +3 eveningstar of draining (weapon)
 y - a +4 morningstar of holy wrath
Armour
 a - the +3 pair of gauntlets of War (worn) {Slay+5}
   (You acquired it in the Dungeon)

   It affects your accuracy and damage with ranged weapons and melee attacks
   (+5).
 c - a +0 shield (worn)
 v - a +2 plate armour of positive energy (worn)
 B - a +0 hat of magic resistance (worn)
Jewellery
 f - a +3 ring of evasion (left hand)
 p - a +3 ring of strength (right hand)
 E - the ring of the Original Sin {+Fly MP+9 SInv}
   (You took it off Wiglaf in the Dungeon)

   [ring of see invisible]

   It affects your magic capacity (+9).
   It lets you see invisible.
   It lets you fly.
 M - an amulet of warding (around neck)
Scrolls
 q - 4 scrolls of remove curse
 s - a scroll of summoning
 t - 2 scrolls of vulnerability
 R - 3 scrolls of identify
 S - 7 scrolls of enchant weapon
 T - 2 scrolls of fog
 V - 2 scrolls of enchant armour
Potions
 d - 4 potions of might
 g - 4 potions of heal wounds
 i - 6 potions of magic
 n - 2 potions of invisibility
 r - 3 potions of cure mutation
 u - a potion of agility
 I - 6 potions of curing
 U - a potion of resistance
Comestibles
 e - 6 bread rations
 j - 6 royal jellies
 l - 40 fruits
 m - 12 meat rations


   Skills:
 + Level 15.4 Fighting
 * Level 20.7 Maces & Flails
 * Level 20.7 Armour
 + Level 14.1 Dodging
 * Level 20.7 Shields


You had 12 spell levels left.
You didn't know any spells.

Dungeon Overview and Level Annotations

Branches:
Dungeon (1/1)

Altars:
Ashenzari
Cheibriados
Dithmenos
Elyvilon
Fedhas
Gozag
Kikubaaqudgha
Makhleb
Nemelex Xobeh
Okawaru
Qazlal
Ru
Sif Muna
Trog
Vehumet
Xom
Yredelemnul
Zin
The Shining One
Beogh
Jiyva
Lugonu


Innate Abilities, Weirdness & Mutations

You reflexively headbutt those who attack you in melee.
You have a pair of horns on your head.
You are frail (-10% HP).
You occasionally shout uncontrollably at your foes.
Your muscles are very strong. (Str +4)


Message History

Unknown command.
You impale the lich!! You headbutt the lich.
The lich is moderately damaged.
The lich touches you but does no damage.
The hungry ghost closely misses you.
The yaktaur hits you but does no damage.
Something hits you but does no damage. Something bites you!
You block the vault guard's attack.
You thump the hungry ghost!
The hungry ghost is moderately damaged.
You feel sick. The lich misses you.
The deep elf knight points at you and mumbles some strange words.
The stone arrow hits you!
* * * LOW HITPOINT WARNING * * *
The hungry ghost hits you.
* * * LOW HITPOINT WARNING * * *
You feel a lot more hungry.
The lich points at you and mumbles some strange words.
The iron shot hits you!
You die...

''###############################
.................................
.................................
..##############''##############.
..# #......# #. ..# #..†)(.# #.
..# . #..))).# . #. ..#
....###.e###.... #. ..#
....{oL@)....... #. ..#
......cpW....... #. ..#
..####cc§.####.. #. ..# #....# #.
..# ##..## #. ### #### #+
############## ##....##.....#
#......##....#


You could see a lich, a vault guard, an orc knight, a deep elf knight, 3
yaktaurs and a hungry ghost.

Vanquished Creatures
  Gastronok (D)
  Wiglaf (D)
  An orc warlord (D)
  An apis (D)
  An eidolon (D)
  A minotaur (D)
  2 yaktaur captains (D)
  Harold (D)
  A great orb of eyes (D)
  A hell beast (D)
  A centaur warrior (D)
  An alligator snapping turtle (D)
  A sun demon (D)
  3 hell hogs (D)
  A fire crab (D)
  A flayed ghost (D)
  A deep elf knight (D)
  A hell knight (D)
  A phantasmal warrior (D)
  A harpy (D)
  6 orc knights (D)
  A wolf spider (D)
  A manticore (D)
  A cyclops (D)
  An ugly thing (D)
  A smoke demon (D)
  An orange demon (D)
  3 molten gargoyles (D)
  Psyche (D)
  A naga mage (D)
  A spiny frog (D)
  A queen bee (shapeshifter) (D)
  2 merfolk (D)
  A bog body (D)
  A boulder beetle (D)
  A spriggan (D)
  A wraith (D)
  A basilisk (D)
  A ynoxinul (D)
  A fire bat (D)
  4 vampire mosquitoes (D)
  A wolf (D)
  2 steam dragons (D)
  2 mottled dragons (D)
  3 nagas (D)
  A black bear (D)
  An ice beast (D)
  2 orc warriors (D)
  6 ogres (D)
  A big kobold (D)
  An earth elemental (D)
  A gnoll sergeant (D)
  9 killer bees (D)
  An orc priest (D)
  2 orc wizards (D)
  3 worker ants (D)
  7 gnolls (D)
  2 white imps (D)
  3 giant eyeballs (D)
  3 oozes (D)
  An adder simulacrum (D)
  6 orcs (D)
  A ball python (D)
  3 giant cockroaches (D)
  A goblin (D)
  2 bats (D)
  A giant gecko skeleton (D)
  2 kobolds (D)
  A rat (D)
124 creatures vanquished.

Vanquished Creatures (collateral kills)
  A balrug (D)
  An orc warlord (D)
  A deep elf demonologist (D)
  A merfolk javelineer (D)
  A fire dragon (D)
  A naga warrior (D)
  An alligator snapping turtle (D)
  An ogre mage (D)
  A vampire mage (D)
  A death yak (D)
  A deep elf knight (D)
  A hell hog (D)
  3 harpies (D)
  3 orc knights (D)
  An elephant (D)
  4 yaktaurs (D)
  A demonic crawler (D)
  A jumping spider (D)
  A merfolk (D)
  A flying skull (D)
  A fire elemental (D)
  A water elemental (D)
  Grum (D)
  A fire bat (D)
  A neqoxec (D)
  4 wolves (D)
  An ogre (D)
  A black bear (D)
  A small abomination (D)
  A jelly (D)
  A gnoll (D)
  A worm (D)
  A ball python (D)
43 creatures vanquished.

Vanquished Creatures (others)
  A sea snake (D)
  A harpy (D)
  A freezing wraith (D)
3 creatures vanquished.

Grand Total: 170 creatures vanquished

Notes
Turn   | Place    | Note
--------------------------------------------------------------
     0 | D        | Kidiri the Minotaur Fighter began the quest for the Orb.
     0 | D        | Reached XP level 1. HP: 19/19 MP: 0/0
    10 | D        | Noticed a worker ant
    17 | D        | Killed a worker ant
    17 | D        | Reached skill level 4 in Fighting
    17 | D        | Reached skill level 1 in Dodging
    17 | D        | Reached XP level 2. HP: 10/27 MP: 1/1
    64 | D        | Found a sacrificial altar of Ru.
    64 | D        | Found a basalt altar of Yredelemnul.
    64 | D        | Found a shadowy altar of Dithmenos.
    64 | D        | Found a deep blue altar of Sif Muna.
    64 | D        | Found a burning altar of Makhleb.
    64 | D        | Found a shimmering altar of Xom.
    64 | D        | Found an ancient bone altar of Kikubaaqudgha.
    64 | D        | Found a sparkling altar of Nemelex Xobeh.
    65 | D        | Found a glowing golden altar of the Shining One.
    65 | D        | Found a bloodstained altar of Trog.
    65 | D        | Found a shattered altar of Ashenzari.
    65 | D        | Found a white marble altar of Elyvilon.
    65 | D        | Found a snail-covered altar of Cheibriados.
    65 | D        | Found a blossoming altar of Fedhas.
    65 | D        | Found a radiant altar of Vehumet.
    65 | D        | Found a glowing silver altar of Zin.
    65 | D        | Found a corrupted altar of Lugonu.
    65 | D        | Found a viscous altar of Jiyva.
    65 | D        | Found a roughly hewn altar of Beogh.
    65 | D        | Found an iron altar of Okawaru.
    69 | D        | Became a worshipper of Trog the Wrathful
    72 | D        | Found a stormy altar of Qazlal.
    72 | D        | Found an opulent altar of Gozag.
   206 | D        | Reached skill level 5 in Armour
   206 | D        | Reached skill level 5 in Shields
   213 | D        | Acquired Trog's first power
   213 | D        | Reached XP level 3. HP: 30/34 MP: 2/2
   213 | D        | Paralysed by a giant eyeball for 4 turns
   229 | D        | Noticed a worker ant
   233 | D        | Acquired Trog's second power
   239 | D        | Killed a worker ant
   239 | D        | Reached skill level 5 in Maces & Flails
   242 | D        | Reached XP level 4. HP: 28/41 MP: 3/3
   407 | D        | Noticed a worker ant
   407 | D        | Paralysed by a giant eyeball for 4 turns
   416 | D        | Killed a worker ant
   416 | D        | Reached skill level 5 in Fighting
   416 | D        | Reached skill level 6 in Armour
   432 | D        | Acquired Trog's third power
   451 | D        | Noticed an ogre
   454 | D        | Killed an ogre
   454 | D        | Reached skill level 7 in Maces & Flails
   454 | D        | Reached XP level 5. HP: 32/50 MP: 4/4
   566 | D        | Noticed a wolf
   581 | D        | Killed a wolf
   581 | D        | Reached skill level 8 in Maces & Flails
   581 | D        | Reached skill level 5 in Dodging
   581 | D        | Reached XP level 6. HP: 55/58 MP: 5/5
   585 | D        | Noticed a fire bat
   585 | D        | Noticed a big kobold
   597 | D        | Killed a fire bat
   597 | D        | Reached skill level 9 in Maces & Flails
   605 | D        | Killed a big kobold
   605 | D        | Reached XP level 7. HP: 51/66 MP: 6/6
   678 | D        | Noticed a flying skull
   678 | D        | Noticed a fire bat
   682 | D        | Killed a flying skull
   682 | D        | Reached skill level 10 in Armour
   682 | D        | Reached skill level 10 in Shields
   683 | D        | Killed a fire bat
   683 | D        | Reached skill level 10 in Maces & Flails
   863 | D        | Noticed an orc wizard
   863 | D        | Noticed a flayed ghost
   885 | D        | Killed a flayed ghost
   885 | D        | Reached skill level 11 in Maces & Flails
   885 | D        | Reached XP level 8. HP: 71/75 MP: 7/7
   886 | D        | Killed an orc wizard
   910 | D        | Noticed a molten gargoyle
   911 | D        | Noticed a phantasmal warrior
   914 | D        | Killed a molten gargoyle
   922 | D        | Killed a phantasmal warrior
   922 | D        | Reached skill level 12 in Maces & Flails
   922 | D        | Reached XP level 9. HP: 32/83 MP: 8/8
  1144 | D        | Noticed a cyclops
  1144 | D        | Noticed a gnoll sergeant
  1146 | D        | Received a gift from Trog
  1160 | D        | Killed a gnoll sergeant
  1163 | D        | Killed a cyclops
  1163 | D        | Reached skill level 13 in Armour
  1165 | D        | Received a gift from Trog
  1281 | D        | Noticed an ice beast
  1281 | D        | Noticed a manticore
  1285 | D        | Killed a manticore
  1293 | D        | Killed an ice beast
  1309 | D        | Noticed an orc warrior
  1309 | D        | Noticed an orc priest
  1309 | D        | Noticed an orc wizard
  1310 | D        | Killed an orc wizard
  1314 | D        | Killed an orc priest
  1314 | D        | Received a gift from Trog
  1314 | D        | Reached skill level 10 in Fighting
  1320 | D        | Killed an orc warrior
  1427 | D        | Noticed an orc warrior
  1428 | D        | Noticed a smoke demon
  1432 | D        | Noticed a black bear
  1432 | D        | Killed a smoke demon
  1434 | D        | Killed an orc warrior
  1434 | D        | Received a gift from Trog
  1437 | D        | Noticed a bog body
  1440 | D        | Killed a black bear
  1443 | D        | Killed a bog body
  1443 | D        | Reached skill level 14 in Armour
  1443 | D        | Reached XP level 10. HP: 90/94 MP: 9/9
  1471 | D        | Noticed a hell beast
  1473 | D        | Noticed a mottled dragon
  1473 | D        | Noticed a spiny frog
  1473 | D        | Noticed a spriggan
  1478 | D        | Killed a hell beast
  1481 | D        | Killed a spriggan
  1485 | D        | Killed a mottled dragon
  1485 | D        | Received a gift from Trog
  1490 | D        | Killed a spiny frog
  1552 | D        | Noticed Gastronok
  1554 | D        | Noticed a mottled dragon
  1566 | D        | Killed Gastronok
  1566 | D        | Reached skill level 15 in Maces & Flails
  1566 | D        | Reached skill level 15 in Armour
  1566 | D        | Reached skill level 10 in Dodging
  1566 | D        | Reached skill level 15 in Shields
  1567 | D        | Killed a mottled dragon
  1856 | D        | Noticed a harpy
  1856 | D        | Noticed a demonic crawler
  1856 | D        | Noticed a wolf
  1857 | D        | Noticed a wolf
  1858 | D        | Noticed a harpy
  1858 | D        | Noticed a wolf
  1858 | D        | Noticed a wolf
  1859 | D        | Noticed a harpy
  1859 | D        | Noticed a harpy
  1859 | D        | Noticed a jelly
  1860 | D        | Noticed a harpy
  1860 | D        | Noticed an elephant
  1860 | D        | Noticed a small abomination
  1860 | D        | Noticed Grum
  1860 | D        | Killed a wolf
  1860 | D        | Received a gift from Trog
  1861 | D        | Killed a demonic crawler
  1863 | D        | Killed a harpy
  1863 | D        | Killed a wolf
  1865 | D        | Killed a harpy
  1865 | D        | Received a gift from Trog
  1866 | D        | Killed a harpy
  1866 | D        | Reached XP level 11. HP: 91/103 MP: 10/10
  1867 | D        | Killed a wolf
  1870 | D        | Killed a wolf
  1871 | D        | Killed a harpy
  1871 | D        | Reached skill level 16 in Shields
  1874 | D        | Killed an elephant
  1875 | D        | Killed Grum
  1875 | D        | Killed a jelly
  1877 | D        | Killed a small abomination
  1896 | D        | Noticed Harold
  1897 | D        | Noticed a molten gargoyle
  1897 | D        | Noticed an ogre
  1899 | D        | Noticed a freezing wraith
  1899 | D        | Noticed a boulder beetle
  1899 | D        | Noticed an orange demon
  1905 | D        | Killed an ogre
  1906 | D        | Killed a harpy
  1907 | D        | Killed a freezing wraith
  1913 | D        | Killed Harold
  1913 | D        | Received a gift from Trog
  1919 | D        | Killed an orange demon
  1925 | D        | Killed a molten gargoyle
  1933 | D        | Killed a boulder beetle
  1967 | D        | Noticed a fire crab
  1974 | D        | Killed a fire crab
  2023 | D        | Received a gift from Trog
  2330 | D        | Noticed a steam dragon
  2337 | D        | Killed a steam dragon
  2348 | D        | Noticed an apis
  2348 | D        | Noticed a ynoxinul
  2364 | D        | Killed an apis
  2364 | D        | Reached skill level 17 in Armour
  2368 | D        | Killed a ynoxinul
  2370 | D        | Received a gift from Trog
  2518 | D        | Noticed a steam dragon
  2520 | D        | Noticed an eidolon
  2524 | D        | Killed a steam dragon
  2533 | D        | Killed an eidolon
  2546 | D        | Noticed an earth elemental
  2548 | D        | Noticed a killer bee
  2549 | D        | Noticed a killer bee
  2550 | D        | Killed a killer bee
  2553 | D        | Killed an earth elemental
  2556 | D        | Killed a killer bee
  2557 | D        | Noticed a killer bee
  2561 | D        | Killed a killer bee
  2566 | D        | Noticed a killer bee
  2567 | D        | Noticed a killer bee
  2567 | D        | Noticed a killer bee
  2567 | D        | Noticed a killer bee
  2568 | D        | Noticed a killer bee
  2570 | D        | Killed a killer bee
  2571 | D        | Killed a killer bee
  2574 | D        | Killed a killer bee
  2576 | D        | Noticed a killer bee
  2576 | D        | Killed a killer bee
  2576 | D        | Received a gift from Trog
  2578 | D        | Killed a killer bee
  2581 | D        | Killed a killer bee
  2593 | D        | Noticed Psyche
  2595 | D        | Noticed a cyan ugly thing
  2596 | D        | Killed Psyche
  2608 | D        | Killed a cyan ugly thing
  2615 | D        | Gained mutation: Your muscles are strong. (Str +2) [mutagenic meat]
  2616 | D        | Gained mutation: You are frail (-10% HP). [mutagenic meat]
  2617 | D        | Gained mutation: You occasionally shout uncontrollably at your foes. [mutagenic meat]
  2618 | D        | Gained mutation: Your muscles are very strong. (Str +4) [mutagenic meat]
  2944 | D        | Noticed a jumping spider
  2944 | D        | Noticed a merfolk
  2944 | D        | Noticed a minotaur
  2944 | D        | Noticed an ogre
  2944 | D        | Noticed a black bear
  2946 | D        | Noticed a merfolk
  2946 | D        | Killed an ogre
  2947 | D        | Noticed a vampire mosquito
  2948 | D        | Killed a jumping spider
  2948 | D        | Received a gift from Trog
  2949 | D        | Noticed a vampire mosquito
  2949 | D        | Noticed Wiglaf
  2951 | D        | Noticed a merfolk javelineer
  2952 | D        | Killed a minotaur
  2959 | D        | Killed Wiglaf
  2959 | D        | Reached XP level 12. HP: 83/103 MP: 11/11
  2960 | D        | Noticed a vampire mage
  2960 | D        | Noticed a sun demon
  2960 | D        | Noticed a balrug
  2960 | D        | Noticed a basilisk
  2960 | D        | Noticed a sea snake
  2961 | D        | Noticed an alligator snapping turtle
  2968 | D        | Noticed an ogre mage
  2968 | D        | Killed a vampire mage
  2968 | D        | Reached skill level 18 in Shields
  2975 | D        | Noticed a merfolk
  2979 | D        | Killed a sea snake
  2981 | D        | Killed a sun demon
  2986 | D        | Killed a balrug
  2989 | D        | Killed a merfolk javelineer
  2994 | D        | Noticed an ogre
  2994 | D        | Noticed a molten gargoyle
  2995 | D        | Killed an alligator snapping turtle
  2995 | D        | Received a gift from Trog
  2996 | D        | Noticed a fire elemental
  2996 | D        | Killed a merfolk
  2997 | D        | Noticed a death yak
  2998 | D        | Killed an ogre mage
  3000 | D        | Killed a merfolk
  3002 | D        | Noticed an ogre
  3002 | D        | Killed an ogre
  3003 | D        | Noticed a vampire mosquito
  3004 | D        | Killed a death yak
  3004 | D        | Received a gift from Trog
  3004 | D        | Killed a black bear
  3006 | D        | Killed a fire elemental
  3008 | D        | Noticed a vampire mosquito
  3009 | D        | Killed a vampire mosquito
  3010 | D        | Noticed a naga mage
  3010 | D        | Noticed a centaur warrior
  3010 | D        | Noticed a wolf spider
  3015 | D        | Killed a naga mage
  3020 | D        | Noticed a naga
  3023 | D        | Noticed an ogre
  3025 | D        | Killed a wolf spider
  3030 | D        | Killed a merfolk
  3030 | D        | Received a gift from Trog
  3031 | D        | Noticed an ogre
  3031 | D        | Killed an ogre
  3032 | D        | Killed a vampire mosquito
  3034 | D        | Noticed a naga
  3036 | D        | Killed a centaur warrior
  3037 | D        | Noticed a naga
  3037 | D        | Killed a naga
  3038 | D        | Killed a naga
  3038 | D        | Received a gift from Trog
  3039 | D        | Killed a vampire mosquito
  3039 | D        | Reached skill level 19 in Shields
  3040 | D        | Killed an ogre
  3042 | D        | Killed a basilisk
  3043 | D        | Killed a molten gargoyle
  3044 | D        | Noticed a wraith
  3046 | D        | Killed an ogre
  3048 | D        | Killed a vampire mosquito
  3051 | D        | Killed a naga
  3055 | D        | Received a gift from Trog
  3059 | D        | Killed a wraith
  3066 | D        | Got the ring of the Original Sin {+Fly MP+9 SInv}
  3388 | D        | Noticed a hell hog
  3388 | D        | Noticed a hell hog
  3388 | D        | Noticed a hell hog
  3388 | D        | Noticed a hell hog
  3388 | D        | Noticed a great orb of eyes
  3388 | D        | Noticed a deep elf demonologist
  3388 | D        | Noticed a fire dragon
  3388 | D        | Noticed a hell knight
  3392 | D        | Killed a hell hog
  3395 | D        | Killed a hell hog
  3396 | D        | Killed a hell hog
  3401 | D        | Killed a deep elf demonologist
  3402 | D        | Noticed a green death
  3403 | D        | Killed a hell hog
  3403 | D        | Received a gift from Trog
  3405 | D        | Killed a great orb of eyes
  3405 | D        | Received a gift from Trog
  3406 | D        | Killed a fire dragon
  3406 | D        | Reached XP level 13. HP: 26/112 MP: 12/12
  3410 | D        | Killed a hell knight
  3740 | D        | Noticed an alligator snapping turtle
  3740 | D        | Noticed a water elemental
  3741 | D        | Noticed an orc knight
  3741 | D        | Noticed an orc knight
  3741 | D        | Noticed an orc knight
  3741 | D        | Noticed an orc knight
  3742 | D        | Noticed an orc warlord
  3742 | D        | Noticed an orc warlord
  3742 | D        | Noticed an orc knight
  3742 | D        | Killed a water elemental
  3743 | D        | Noticed a yaktaur
  3743 | D        | Noticed an orc knight
  3744 | D        | Noticed an orc knight
  3746 | D        | Killed an alligator snapping turtle
  3747 | D        | Killed a yaktaur
  3749 | D        | Killed an orc knight
  3749 | D        | Received a gift from Trog
  3750 | D        | Killed an orc warlord
  3755 | D        | Noticed a yaktaur
  3755 | D        | Killed an orc knight
  3755 | D        | Reached skill level 20 in Shields
  3760 | D        | Killed an orc knight
  3762 | D        | Killed an orc knight
  3763 | D        | Noticed a deep elf knight
  3764 | D        | Killed an orc knight
  3768 | D        | Noticed an orc knight
  3772 | D        | Noticed a deep elf knight
  3774 | D        | Killed an orc warlord
  3774 | D        | Received a gift from Trog
  3774 | D        | Reached skill level 15 in Fighting
  3776 | D        | Killed an orc knight
  3782 | D        | Noticed a yaktaur captain
  3784 | D        | Noticed a naga warrior
  3786 | D        | Killed an orc knight
  3787 | D        | Killed an orc knight
  3788 | D        | Noticed a yaktaur
  3791 | D        | Killed a yaktaur captain
  3793 | D        | Killed a yaktaur
  3796 | D        | Killed a deep elf knight
  3796 | D        | Received a gift from Trog
  3804 | D        | Noticed a yaktaur
  3804 | D        | Killed a naga warrior
  3805 | D        | Killed a yaktaur
  3806 | D        | Killed a deep elf knight
  3807 | D        | Noticed a neqoxec
  3807 | D        | Noticed a yaktaur
  3807 | D        | Noticed a yaktaur
  3808 | D        | Noticed a yaktaur
  3809 | D        | Noticed an orc knight
  3809 | D        | Noticed a vault guard
  3809 | D        | Killed a yaktaur
  3809 | D        | Received a gift from Trog
  3810 | D        | Noticed a yaktaur captain
  3811 | D        | Noticed a lich
  3811 | D        | Noticed an orc knight
  3812 | D        | Noticed a deep elf knight
  3812 | D        | Killed a neqoxec
  3815 | D        | Killed a yaktaur captain
  3818 | D        | Killed an orc knight
  3824 | D        | Killed from afar by a lich

Vault maps used:
D:        pitsprint

Action                   |  1- 3 |  4- 6 |  7- 9 | 10-12 | 13-15 || total
-------------------------+-------+-------+-------+-------+-------++-------
Melee: Flail             |     6 |       |       |       |       ||     6
       Mace              |    22 |    53 |       |       |       ||    75
       Morningstar       |       |       |    37 |       |       ||    37
       Eveningstar       |       |       |    55 |   220 |    67 ||   342
Invok: Trog's Hand       |       |     2 |     4 |     9 |     3 ||    18
       Brothers in Arms  |       |       |     1 |     4 |     5 ||    10
       Berserk           |       |       |     1 |       |       ||     1
       Burn Spellbooks   |       |       |       |     3 |       ||     3
  Use: Potion            |     1 |       |     1 |     1 |     5 ||     8
       Scroll            |       |       |       |     1 |       ||     1
 Stab: Distracted        |       |       |       |     1 |     3 ||     4
  Eat: Chunk             |       |       |     1 |     7 |       ||     8
       Bread ration      |       |       |     1 |     1 |     1 ||     3
